 Dungeon Crawl Stone Soup version 0.23-a0-808-gd21de94 (webtiles) character file.

342 Lanoc the Slasher (level 6, 0/72 HPs)
             Began as a Demonspawn Berserker on Jan 20, 2019.
             Was a Priest of Trog.
             Slain by Prince Ribbit (5 damage)
             ... on level 5 of the Dungeon.
             The game lasted 00:05:57 (2859 turns).

Lanoc the Slasher (Demonspawn Berserker)            Turns: 2859, Time: 00:05:58

Health: 0/72       AC:  4    Str: 26    XL:     6   Next: 30%
Magic:  0/6        EV: 13    Int:  8    God:    Trog [***...]
Gold:   182        SH:  0    Dex: 13    Spells: 5/5 levels left

rFire    . . .     SeeInvis .   a - +0 falchion
rCold    . . .     Gourm    .   (no shield)
rNeg     . . .     Faith    .   b - +0 animal skin
rPois    .         Spirit   +   d - +1 hat
rElec    .         Reflect  .   h - +0 cloak
rCorr    .         Harm     .   (no gloves)
MR       .....                  (no boots)
Stlth    ..........             (no amulet)
HPRegen  0.22/turn              k - +2 ring of strength
MPRegen  0.10/turn              (no ring)

@: berserking, very quick
A: claws 2, magic shield
a: Berserk, Trog's Hand, Renounce Religion


You were on level 5 of the Dungeon.
You worshipped Trog.
Trog was most pleased with you.
You were near starving.

You visited 1 branch of the dungeon, and saw 5 of its levels.

You collected 182 gold pieces.

Inventory:

Hand Weapons
 a - a +0 falchion (weapon)
Armour
 b - a +0 animal skin (worn)
 d - a +1 hat (worn)
 h - a +0 cloak (worn)
Jewellery
 k - a +2 ring of strength (left claw)
Scrolls
 f - a scroll of teleportation
 l - 2 scrolls of identify
 m - a scroll of enchant weapon {unknown}
 o - 2 scrolls of magic mapping
Potions
 e - 2 potions of haste
 g - a potion of degeneration {unknown}
 i - a potion of lignification
 j - a potion of might {unknown}
 n - 2 potions of brilliance {unknown}
Comestibles
 c - 2 rations


   Skills:
 + Level 4.1 Fighting
 * Level 4.6 Long Blades
 + Level 3.1 Armour
 + Level 3.1 Dodging


You had 5 spell levels left.
You didn't know any spells.
Your spell library was empty.

Dungeon Overview and Level Annotations

Branches:
Dungeon (5/15)
 Temple: D:4-7

Altars:
Dithmenos
Sif Muna
Wu Jian
Xom

Annotations:
D:5 Prince Ribbit


Innate Abilities, Weirdness & Mutations

You have very sharp fingernails.
When hurt, damage is shared between your health and your magic reserves.


Message History

The leopard gecko barely misses you.
You closely miss Prince Ribbit.
Prince Ribbit is heavily wounded.
The worker ant bites you but does no damage.
Prince Ribbit barely misses you.
You miss Prince Ribbit.
Prince Ribbit is heavily wounded.
The leopard gecko bites you but does no damage.
Prince Ribbit completely misses you.
The worker ant bites you but does no damage.
You closely miss Prince Ribbit.
Prince Ribbit is heavily wounded.
The leopard gecko barely misses you.
You riposte.
You slash the leopard gecko!
You kill the leopard gecko!
Trog accepts your kill. Prince Ribbit closely misses you.
The worker ant barely misses you.
You slash Prince Ribbit!
Prince Ribbit is almost dead.
Prince Ribbit hits you.
You die...

# ### #. ..#
##.####.####
...........##
..⌠...⌠...⌠.#
............#.#
⌠...⌠...⌠F....#
........@.....#
..⌠...⌠a..⌠.###
............#
⌠...⌠..$⌠......
......?.....###
..⌠...⌠...⌠.#
............#
⌠...⌠...⌠...#


You could see Prince Ribbit and a worker ant.

Vanquished Creatures
  Sigmund (D:2)
  An iguana (D:4)
  Robin (D:3)
  6 adders
  5 leopard geckos
  9 orcs
  3 giant cockroaches
  19 goblins
  11 hobgoblins
  5 jackals
  A quokka (D:3)
  5 bats
  9 frilled lizards
  11 kobolds
  5 rats
92 creatures vanquished.

Notes
Turn   | Place    | Note
-------+----------+-------------------------------------------
     0 | D:1      | Lanoc the Demonspawn Berserker began the quest for the Orb.
     0 | D:1      | Reached XP level 1. HP: 18/18 MP: 1/1
   114 | D:1      | Found a shimmering altar of Xom.
   589 | D:2      | Gained mutation: You have sharp fingernails. [demonic
                  | ancestry]
   589 | D:2      | Reached XP level 2. HP: 24/24 MP: 2/2
   832 | D:2      | Gained mutation: You have very sharp fingernails. [demonic
                  | ancestry]
   832 | D:2      | Reached XP level 3. HP: 29/29 MP: 3/3
   892 | D:2      | Noticed Sigmund
   905 | D:2      | Reached ** piety under Trog
   909 | D:2      | Killed Sigmund
   909 | D:2      | Reached XP level 4. HP: 19/37 MP: 4/4
   909 | D:2      | Reached XP level 5. HP: 21/42 MP: 5/5
  1699 | D:3      | Noticed Robin
  1703 | D:3      | Killed Robin
  1703 | D:3      | Reached *** piety under Trog
  1850 | D:3      | Gained mutation: When hurt, damage is shared between your
                  | health and your magic reserves. [demonic ancestry]
  1850 | D:3      | Reached XP level 6. HP: 33/48 MP: 4/6
  2085 | D:3      | Found a deep blue altar of Sif Muna.
  2280 | D:4      | Found an ornate altar of the Wu Jian Council.
  2648 | D:4      | Found a shadowy altar of Dithmenos.
  2842 | D:5      | Entered Level 5 of the Dungeon
  2842 | D:5      | Noticed Prince Ribbit
  2859 | D:5      | Slain by Prince Ribbit

Vault maps used:
D:1:      evilmike_arrival_plus, xom_teletrap_fun
D:2:      uniq_sigmund
D:3:      marbit_many_paths, first_ration, uniq_robin
D:4:      nicolae_overflow_hidden_temple, grunt_dithmenos_smoke_and_mirrors
D:5:      vehumet_crystals, kennysheep_crisscross, grunt_ministairs_9,
          corexii_item_surrounded_by_moat, uniq_prince_ribbit1

Skill      XL: |  1  2  3  4  5  6 |
---------------+-------------------+-----
Long Blades    | 3 4 |  4.6
Armour         | 2 3 |  3.1
Dodging        | 2 3 |  3.1
Fighting       | 4 |  4.1

Action                   |  1- 3 |  4- 6 || total
-------------------------+-------+-------++-------
Melee: Falchion          |    62 |    88 ||   150
       Long sword        |       |    97 ||    97
Invok: Berserk           |     2 |     4 ||     6
  Use: Scroll            |       |     7 ||     7
 Stab: Sleeping          |       |     1 ||     1
  Eat: Chunk             |     1 |     9 ||    10
Armor: Animal skin       |    18 |    46 ||    64
Dodge: Dodged            |    47 |   156 ||   203
       Rpst.: Falchion   |     8 |    25 ||    33
       Long sword        |       |    25 ||    25

Table legend:
 A = Non-vault XP
 B = Vault XP
 C = Vault XP percentage of total XP
 D = Non-vault monster count
 E = Vault monster count
 F = Vault count percentage of total count
                 A         B        C        D         E       F
            +---------+---------+-------+---------+---------+-------
      Total |     246 |     243 |  49.7 |      77 |      15 |  16.3
            +---------+---------+-------+---------+---------+-------
        D:1 |      11 |       0 |   0.0 |       8 |       0 |   0.0
        D:2 |      94 |     205 |  68.6 |      31 |       1 |   3.1
        D:3 |      72 |      38 |  34.5 |      32 |      14 |  30.4
        D:4 |      53 |       0 |   0.0 |       4 |       0 |   0.0
        D:5 |      16 |       0 |   0.0 |       2 |       0 |   0.0
            +---------+---------+-------+---------+---------+-------
